Map: [ESL] Tropical Sacrifice

Players

Elazer

  • Race: Zerg Zerg
  • Spawn Location: 1:00

ShoWTimE - Winner!

  • Race: Protoss Protoss
  • Spawn Location: 7:00

Event: DreamHack SC2 Masters 2022 Valencia

VOD

Have the link to the VOD?

Description

Time

  • Played on: July 1, 2022, 10:06 a.m.
  • Length: 16:30

All games in this series

Show
View Real Time Build Order
Export as new Build Order

Elazer Zerg 

Build Orders: Hatch First 

Get SALT Encoding   

  12  0:00  Drone  
  13  0:12  Overlord  
  13  0:17  Drone  
  14  0:30  Drone x2  
  16  0:49  Hatchery  
  15  0:52  Drone  
  15  0:56  Drone  
  17  0:59  Drone  
  18  1:10  Extractor  
  17  1:15  Spawning Pool  
  17  1:18  Drone  
  17  1:22  Drone  
  18  1:29  Drone  
  19  1:39  Drone  
  20  1:51  Drone  
  21  2:01  Queen x2  
  21  2:03  Zergling x2  
  21  2:04  Overlord  
  26  2:12  Drone  
  26  2:13  Drone  
  28  2:16  Metabolic Boost  
  28  2:22  Drone  
  29  2:23  Drone  
  30  2:42  Queen  
  32  2:46  Overlord, Drone x2  
  34  2:51  Drone  
  34  2:54  Hatchery  
  34  3:00  Drone x2  
  36  3:14  Queen  
  36  3:15  Overlord  
  36  3:16  Drone  
  36  3:17  Drone x3  
  42  3:23  Queen  
  44  3:36  Drone x4  
  44  3:37  Overlord  
  44  3:39  Spore Crawler  
  47  3:48  Overlord  
  47  3:56  Drone x5  
  52  4:04  Spore Crawler, Drone  
  52  4:05  Queen  
  53  4:10  Drone x4  
  53  4:14  Queen  
  59  4:20  Zergling x6  
  59  4:21  Drone x2  
  59  4:24  Overlord  
  64  4:29  Extractor, Drone  
  64  4:30  Roach Warren  
  64  4:31  Drone  
  64  4:32  Drone  
  64  4:35  Drone  
  64  4:37  Overlord  
  66  4:43  Drone x3  
  66  4:45  Drone  
  70  4:48  Lair  
  70  4:51  Extractor, Queen  
  70  4:52  Drone  
  72  4:54  Drone x2  
  72  4:57  Drone x2  
  72  4:58  Drone  
  77  5:00  Drone  
  77  5:03  Extractor  
  77  5:06  Evolution Chamber, Overlord  
  76  5:07  Drone x2  
  76  5:13  Drone x4  
  81  5:18  Overlord  
  81  5:24  Hatchery  
  81  5:25  Drone x3  
  81  5:26  Drone  
  84  5:31  Zerg Missile Weapons Level 1  
  84  5:35  Extractor  
  83  5:36  Overlord  
  83  5:37  Drone  
  83  5:38  Extractor  
  83  5:39  Drone x3  
  83  5:40  Drone  
  83  5:41  Drone x2  
  89  5:48  Overlord  
  89  5:50  Glial Reconstitution  
  89  5:51  Drone x5  
  89  5:54  Baneling Nest, Evolution Chamber  
  91  6:03  Drone x3  
  91  6:04  Overlord  
  91  6:08  Overlord  
  91  6:10  Drone x4  
  95  6:11  Overlord  
  95  6:13  Overseer  
  95  6:15  Roach  
  97  6:21  Roach x3  
  97  6:23  Pneumatized Carapace  
  97  6:24  Overlord, Zerg Melee Weapons Level 1  
  103  6:28  Drone x5  
  103  6:30  Spore Crawler  
  106  6:43  Drone x4  
  106  6:46  Overlord  
  106  6:48  Drone, Zergling x2  
  106  6:49  Zergling x10  
  113  6:56  Overlord  
  113  6:58  Drone  
  113  6:59  Centrifugal Hooks, Drone  
  115  7:02  Infestation Pit, Ravager x4  
  115  7:03  Roach x2  
  115  7:06  Hatchery  
  115  7:07  Roach  
  115  7:08  Roach  
  125  7:10  Roach x2  
  125  7:12  Roach  
  125  7:13  Roach  
  125  7:15  Roach x2  
  137  7:22  Roach x5  
  147  7:26  Overlord  
  147  7:27  Overlord  
  147  7:29  Roach x3  
  153  7:35  Roach  
  153  7:36  Roach x2  
  159  7:38  Zerg Missile Weapons Level 2  
  159  7:40  Hive  
  159  7:42  Drone x2  
  159  7:44  Spore Crawler  
  159  7:50  Zergling x18  
  168  7:55  Overlord x2  
  168  8:03  Zergling x16  
  176  8:13  Overlord  
  176  8:14  Zergling x20  
  176  8:28  Drone x8  
  176  8:31  Overlord  
  176  8:32  Extractor  
  182  8:43  Roach x5  
  192  8:48  Zergling x2  
  192  8:49  Zergling x8  
  192  8:58  Overlord  
  174  9:04  Roach x12  
  187  9:20  Adrenal Glands  
  187  9:21  Overlord, Zerg Melee Weapons Level 2  
  187  9:23  Drone  
  173  9:27  Zergling x28  
  179  9:43  Hatchery  
  179  9:44  Roach x10  
  189  9:49  Zergling x10  
  172  10:00  Zergling x6  
  172  10:05  Zergling x10  
  172  10:06  Zergling x4  
  180  10:11  Baneling x4  
  180  10:12  Baneling x7  
  176  10:15  Zergling x16  
  169  10:21  Zergling x4  
  169  10:22  Ravager  
  161  10:30  Zergling x6  
  154  10:36  Zergling x10  
  154  10:40  Baneling x3  
  154  10:41  Baneling x16  
  158  10:43  Roach x6  
  168  10:53  Roach x5  
  173  10:59  Zergling x10  
  168  11:07  Zergling x14  
  162  11:11  Roach x2  
  162  11:13  Ravager  
  162  11:17  Roach x3  
  167  11:23  Zergling x8  
  164  11:32  Ravager  
  156  11:33  Zergling x14  
  156  11:35  Baneling x16  
  156  11:36  Baneling x2  
  163  11:42  Zergling x10  
  163  11:45  Ravager x2  
  167  11:51  Zergling x14  
  161  12:04  Zergling x2  
  161  12:05  Zergling x24  
  150  12:10  Roach x3  
  148  12:15  Roach  
  148  12:16  Roach x2  
  142  12:26  Roach x4  
  147  12:36  Roach x4  
  127  12:44  Roach x3  
  125  13:01  Roach x4, Hatchery  
  132  13:13  Spore Crawler  
  132  13:17  Roach x7  
  145  13:20  Drone  
  145  13:21  Drone  
  145  13:26  Drone  
  145  13:27  Drone x5  
  150  13:28  Drone  
  154  13:35  Drone x5  
  159  13:46  Zergling x18  
  168  13:50  Ravager  
  169  13:56  Roach  
  169  13:57  Roach x3  
  169  13:58  Ravager  
  178  14:04  Viper x3  
  187  14:12  Zergling x12  
  189  14:27  Zergling x16  
  196  14:38  Baneling x23  
  196  14:39  Baneling x4  
  196  14:47  Spore Crawler  
  196  14:50  Spine Crawler  
  194  15:13  Roach x5  
  187  15:29  Roach  
  187  15:30  Roach x4  
  183  15:43  Overlord  
  183  15:46  Roach x9  
  187  15:54  Zergling x6  
  188  16:01  Hatchery  
  187  16:05  Roach x3  
Show
View Real Time Build Order
Export as new Build Order

ShoWTimE Protoss - Winner!

Build Orders: 1 Gate Expand, Oracle Opening 

Get SALT Encoding   

  12  0:00  Probe  
  13  0:12  Probe  
  14  0:19  Pylon  
  14  0:24  Probe  
  15  0:37  Probe (Chrono Boost)  
  15  0:41  Gateway  
  16  0:47  Probe (Chrono Boost)  
  16  0:49  Assimilator  
  17  0:52  Probe (Chrono Boost)  
  18  1:04  Probe  
  19  1:16  Probe  
  20  1:27  Nexus  
  20  1:31  Probe  
  21  1:41  Cybernetics Core  
  21  1:46  Assimilator  
  21  1:50  Probe  
  22  1:55  Pylon  
  22  2:02  Probe (Chrono Boost)  
  23  2:14  Probe (Chrono Boost)  
  24  2:17  Adept  
  24  2:20  Stargate  
  26  2:23  Probe (Chrono Boost)  
  26  2:27  Warp Gate  
  27  2:30  Probe  
  28  2:39  Pylon  
  28  2:40  Probe (Chrono Boost)  
  29  2:44  Probe (Chrono Boost)  
  31  2:52  Stalker, Probe (Chrono Boost)  
  31  2:54  Probe (Chrono Boost)  
  31  2:56  Probe (Chrono Boost)  
  35  2:59  Probe (Chrono Boost)  
  35  3:05  Oracle (Chrono Boost)  
  36  3:06  Probe  
  36  3:11  Probe  
  41  3:17  Pylon  
  41  3:18  Probe  
  42  3:23  Probe  
  43  3:29  Gateway  
  43  3:30  Probe  
  44  3:35  Probe  
  44  3:38  Oracle (Chrono Boost)  
  48  3:43  Probe  
  50  3:50  Nexus  
  50  3:54  Pylon  
  49  3:58  Probe x2  
  51  4:03  Assimilator  
  51  4:07  Assimilator  
  51  4:10  Probe x2  
  51  4:13  Oracle  
  56  4:20  Forge  
  56  4:24  Probe x2, Twilight Council  
  56  4:29  Pylon  
  58  4:36  Probe x2  
  60  4:45  Gateway  
  60  4:46  Gateway  
  60  4:48  Probe x2 (Chrono Boost)  
  60  4:52  Protoss Ground Weapons Level 1 (Chrono Boost), Blink (Chrono Boost)  
  64  5:01  Probe x2 (Chrono Boost)  
  64  5:02  Sentry  
  64  5:06  Probe (Chrono Boost)  
  64  5:07  Sentry, Probe x2 (Chrono Boost)  
  71  5:15  Probe x3  
  71  5:16  Pylon  
  74  5:27  Probe x3  
  77  5:33  Forge  
  77  5:35  Gateway  
  77  5:36  Gateway  
  77  5:39  Probe x2, Gateway  
  77  5:41  Gateway  
  79  5:46  Photon Cannon  
  79  5:49  Stalker  
  81  5:52  Stalker  
  83  6:06  Nexus  
  83  6:10  Pylon  
  83  6:13  Probe x2  
  83  6:14  Probe, Protoss Ground Armor Level 1 (Chrono Boost)  
  83  6:15  Stalker x2, Pylon  
  90  6:22  Stalker  
  92  6:26  Pylon, Probe  
  92  6:28  Pylon, Probe x2  
  95  6:33  Charge (Chrono Boost)  
  95  6:38  Probe, Oracle  
  99  6:40  Probe  
  100  6:50  Stalker x6  
  109  6:57  Photon Cannon  
  109  6:58  Probe x2  
  109  6:59  Shield Battery  
  111  7:02  Probe  
  111  7:04  Protoss Ground Weapons Level 2 (Chrono Boost)  
  111  7:05  Pylon  
  112  7:12  Gateway  
  111  7:15  Zealot  
  111  7:16  Zealot x3  
  119  7:27  Oracle (Chrono Boost)  
  119  7:33  Stalker x3, Gateway  
  119  7:35  Gateway  
  119  7:36  Probe x4  
  132  7:39  Gateway  
  132  7:50  Zealot x5  
  142  8:00  Oracle  
  142  8:03  Zealot  
  142  8:05  Pylon  
  147  8:14  Pylon  
  147  8:15  Nexus  
  147  8:16  Pylon  
  147  8:17  Pylon  
  141  8:29  Zealot x7  
  155  8:34  Pylon  
  155  8:38  Photon Cannon, Protoss Ground Armor Level 2 (Chrono Boost)  
  155  8:39  Templar Archives  
  155  8:40  Probe, Shield Battery  
  155  8:41  Probe x2  
  158  8:51  Stalker x3  
  158  8:52  Stalker x5, Zealot  
  167  9:04  Zealot x2  
  151  9:25  Stalker x9  
  162  9:33  Nexus  
  162  9:34  Pylon  
  162  9:36  Photon Cannon  
  162  9:37  Photon Cannon, Protoss Ground Weapons Level 3 (Chrono Boost)  
  158  9:39  Pylon  
  158  9:44  Zealot x2  
  154  9:49  Zealot x7  
  160  9:55  Zealot x2  
  160  9:57  Probe  
  160  9:58  Photon Cannon  
  165  10:01  Probe x3  
  168  10:09  Probe  
  168  10:11  Zealot x5  
  147  10:31  Stalker  
  147  10:32  Stalker x8  
  147  10:34  Probe  
  147  10:35  Probe x2  
  158  10:41  Photon Cannon  
  150  10:43  Shield Battery  
  150  10:55  Nexus  
  150  10:57  Zealot x2  
  150  10:58  Probe x2  
  150  10:59  Protoss Shields Level 1 (Chrono Boost), Probe  
  150  11:01  Probe x2  
  153  11:10  Probe x2  
  153  11:11  Probe  
  148  11:13  Probe x2  
  148  11:17  Pylon  
  146  11:19  Stalker x4  
  142  11:28  Stalker x4  
  142  11:31  Stalker  
  148  11:35  Assimilator  
  148  11:37  Assimilator  
  148  11:38  Assimilator x2  
  148  11:40  Zealot x2  
  148  11:46  Zealot x4  
  160  11:59  Zealot x5  
  139  12:09  High Templar  
  139  12:10  High Templar, Zealot x4  
  139  12:14  Archon  
  135  12:16  Oracle (Chrono Boost)  
  135  12:21  Stalker x3  
  135  12:22  Stalker x2  
  125  12:34  Stalker x3  
  121  12:44  Pylon  
  111  12:45  Protoss Ground Armor Level 3 (Chrono Boost)  
  111  12:47  Nexus  
  111  12:53  Probe x2  
  111  12:54  Probe x2  
  111  12:57  Nexus  
  111  12:58  Stalker x3  
  121  13:02  Pylon  
  121  13:11  Stalker x3  
  127  13:21  Stalker x3  
  133  13:27  Shield Battery  
  133  13:28  Shield Battery  
  133  13:31  Pylon  
  133  13:32  Pylon  
  133  13:35  Pylon  
  133  13:37  Shield Battery  
  133  13:38  Shield Battery  
  133  13:41  High Templar x2  
  133  13:42  Zealot x2  
  133  13:46  Archon  
  133  13:47  Pylon  
  141  13:50  Probe x4  
  141  13:51  High Templar  
  141  13:52  High Templar  
  149  13:56  Archon  
  149  14:05  Zealot x2  
  149  14:06  Zealot x2  
  149  14:09  Probe  
  159  14:10  Probe x3  
  159  14:12  Probe  
  162  14:17  Zealot x4  
  170  14:28  Zealot x6  
  182  14:36  Probe x3  
  182  14:37  Probe x3  
  188  14:40  High Templar x4  
  188  14:44  Photon Cannon, Archon  
  188  14:45  Archon  
  196  14:55  Photon Cannon  
  196  14:57  Photon Cannon  
  196  14:59  Shield Battery  
  196  15:01  Zealot x2  
  196  15:02  Pylon  
  198  15:11  Zealot x4  
  198  15:13  Oracle (Chrono Boost)  
  187  15:21  Stalker x2  
  182  15:29  Stalker x4  
  182  15:34  High Templar x4  
  190  15:39  Archon x2  
  188  15:47  Zealot x2  
  186  15:54  Probe  
  186  15:56  Photon Cannon  
  181  15:57  Zealot x4  
  181  15:58  Photon Cannon  
  181  16:00  Gateway  
  187  16:09  Stalker x4  
  187  16:10  Stalker x2  
  185  16:14  Probe  
  185  16:15  Probe x2  
  185  16:18  Stalker x2  

Tags
 
Add a new tag
Caveats
  • Supply blocks, unpowered buildings, or Contaminate may cause inaccurate times.
  • Supply counts are checked every 10 seconds.